[Event "Championnat du monde jeunes U10"]
[Date "2024.11.23"]
[White "Mrozowski, Nikodem"]
[Black "Vardanyan, Armen Art."]
[WhiteElo "1874"]
[BlackElo "1735"]
[Round "8.26"]
[Result "1/2-1/2"]
[TimeControl "5400+30"]

1. e4 c6 2. d4 d5 3. Nc3 dxe4 4. Nxe4 Nf6 5. Nxf6+ exf6 6. Be3 Bd6 7. Bd3 O-O 8. Ne2 Re8 9. O-O Bg4 10. c4 Nd7 11. Qc2 Nf8 12. Nc3 Qc7 13. h3 Bh5 14. c5 Bh2+ 15. Kh1 Bf4 16. Bxf4 Qxf4 17. d5 Qd4 18. dxc6 bxc6 19. Ne4 Bg6 20. Rfe1 Rad8 21. Re3 Bxe4 22. Bxe4 Re6 23. Rae1 Qd2 24. Qxd2 Rxd2 25. R3e2 Rxe2 26. Rxe2 g6 27. g4 a5 28. a3 Nd7 29. b4 axb4 30. axb4 Kf8 31. f4 f5 32. gxf5 gxf5 33. Bf3 Rxe2 34. Bxe2 Nf6 35. Bd3 Nd5 36. Bxf5 Nxb4 37. Kg2 Na6 38. Bxh7 Nxc5 39. Kf3 Ne6 40. h4 Kg7 41. Bd3 Kh6 42. Kg4 Nd4 43. f5 f6 44. Be4 c5 45. Bd5 Nxf5 46. Kxf5 Kh5 47. Kxf6 c4 48. Be4 c3 49. Bc2 Kxh4 50. Ke5 Kh5 51. Kd4 Kh6 52. Bh7 Kg7 53. Bg6 Kh6 54. Kxc3 1/2-1/2

[Variant "Standard"]
[Site "Europe Echecs"]

[Event "Championnat du monde jeunes U10"]
[Date "2024.11.23"]
[White "Skouroupathis, Kyriakos"]
[Black "Wang, Rocky"]
[WhiteElo "1695"]
[BlackElo "1853"]
[Round "8.27"]
[Result "1-0"]
[TimeControl "5400+30"]

1. Nc3 c5 2. e4 Nc6 3. Nge2 e5 4. Ng3 Nf6 5. Bc4 d6 6. d3 Be7 7. Nh5 O-O 8. O-O Be6 9. Nd5 Bxd5 10. Nxf6+ Bxf6 11. Bxd5 Qd7 12. c3 Ne7 13. Qb3 Nxd5 14. Qxd5 b5 15. Be3 Rac8 16. h3 Rfd8 17. Rac1 c4 18. Rfd1 a6 19. dxc4 Rxc4 20. b3 Rc6 21. c4 b4 22. c5 Be7 23. Qc4 Qb7 24. Rd5 h6 25. Qd3 Rdc8 26. Rc4 dxc5 27. Rxe5 Rd8 28. Rd5 Rcc8 29. Rcxc5 Qb8 30. Rxc8 Qxc8 31. Rxd8+ Bxd8 32. Kf1 Be7 33. Ke2 a5 34. Qc4 Qd7 35. Bc5 Bxc5 36. Qxc5 Qe6 37. Qc4 Qd6 38. Qc8+ Kh7 39. Qf5+ Kg8 40. Qxa5 Qd4 41. Qd5 Qb2+ 42. Qd2 Qa3 43. Kd1 Qa6 44. f3 Qf1+ 45. Kc2 Qa6 46. Kb1 Kh7 47. e5 g6 48. f4 Qb5 49. h4 Kg7 50. Kc2 Qa6 51. Kb2 Qa5 52. Qd4 Qb5 53. e6+ Kf8 54. Qd6+ Kg8 55. Qe5 Qc6 56. e7 Qxg2+ 57. Kb1 Qh1+ 58. Kc2 Qc6+ 59. Kd3 Qe8
1-0

[Variant "Standard"]
[Site "Europe Echecs"]

[Event "Championnat du monde jeunes U10"]
[Date "2024.11.23"]
[White "Melkonyan, Davit"]
[Black "DAmato, Raffaele"]
[WhiteElo "1842"]
[BlackElo "1695"]
[Round "8.28"]
[Result "1-0"]
[TimeControl "5400+30"]

1. e4 e6 2. d4 d5 3. Nd2 Nf6 4. e5 Nfd7 5. Ndf3 c5 6. c3 Nc6 7. Bd3 cxd4 8. cxd4 Bb4+ 9. Bd2 Bxd2+ 10. Qxd2 Qb6 11. Ne2 f5 12. O-O h6 13. h4 Qd8 14. Rac1 a6 15. Nf4 Nf8 16. h5 Rg8 17. g3 g5 18. hxg6 Nxg6 19. Nh5 Rh8 20. Be2 Kf7 21. Nf6 Nce7 22. Nh4 Nxh4 23. gxh4 Ng8 24. Bh5+ Kg7 25. Rc7+ Ne7 26. Rfc1 Kf8 27. Qb4 a5 28. Qd6 Qxd6 29. exd6 Kg7 30. Rxe7+ 1-0

[Variant "Standard"]
[Site "Europe Echecs"]

[Event "Championnat du monde jeunes U10"]
[Date "2024.11.23"]
[White "Nguyen Truong An Khang"]
[Black "Lenkov, Stanislav"]
[WhiteElo "1836"]
[BlackElo "1693"]
[Round "8.29"]
[Result "1-0"]
[TimeControl "5400+30"]

1. d4 d5 2. c4 e6 3. Nc3 Nf6 4. cxd5 exd5 5. Bg5 Be7 6. e3 O-O 7. Bd3 c6 8. Nge2 Nbd7 9. O-O h6 10. Bh4 Re8 11. f3 Nb6 12. Qc2 Nc4 13. Bxc4 dxc4 14. e4 Be6 15. e5 Nd5 16. Nxd5 cxd5 17. Bxe7 Qxe7 18. f4 Bg4 19. Ng3 Qh4 20. Qd2 Bd7 21. f5 Qg5 22. Rf4 h5 23. Qf2 c3 24. bxc3 Rac8 25. Rf3 h4 26. Ne2 Qd2 27. Re1 h3 28. g4 Bb5 29. Rxh3 Rc6 30. Nf4 Qxf2+ 31. Kxf2 Rec8 1-0

[Variant "Standard"]
[Site "Europe Echecs"]

[Event "Championnat du monde jeunes U10"]
[Date "2024.11.23"]
[White "Lee, Yugeon"]
[Black "Akramov, Khasan"]
[WhiteElo "1690"]
[BlackElo "1835"]
[Round "8.30"]
[Result "0-1"]
[TimeControl "5400+30"]

1. d4 Nf6 2. c4 g6 3. Nc3 d5 4. Nf3 Bg7 5. Bg5 Ne4 6. cxd5 Nxg5 7. Nxg5 e6 8. Qd2 h6 9. Nf3 exd5 10. e3 O-O 11. Be2 c6 12. O-O Be6 13. Rac1 Nd7 14. b4 Rc8 15. b5 c5 16. dxc5 Nxc5 17. Nd4 Ne4 18. Qd3 Nxc3 19. Rxc3 Rxc3 20. Qxc3 Qb6 21. Qd2 Bxd4 22. exd4 Rc8 23. Rd1 Kh7 24. Bd3 Qc7 25. h4 Kg7 26. Qe3 h5 27. Rd2 Qd8 28. g3 Qd6 29. Kh2 Bd7 30. Qg5 Re8 31. f4 f5 32. Re2 Rxe2+ 33. Bxe2 Qf6 34. Qxf6+ Kxf6 35. Kg2 Ke6 36. Kf2 Kd6 37. Ke3 Kc7 38. Kd2 Kb6 39. Bf3 Be6 40. Be2 Ka5 41. Kc3 Ka4 42. Bd3 b6 43. Be2 Ka3 44. Bf3 Kxa2 45. Bg2 Kb1 46. Kb3 Kc1 47. Kc3 Kd1 48. Kd3 Ke1 49. Ke3 Bf7 50. Bh3 Bg8 51. Bg2 Be6 52. Bh3 Bc8 53. Bg2 Bb7 54. Bh1 Kf1 55. Bf3 Kg1 0-1

[Variant "Standard"]
[Site "Europe Echecs"]

[Event "Championnat du monde jeunes U10"]
[Date "2024.11.23"]
[White "Nikitakis, Michail"]
[Black "Tugsbilguun, Davganamdag"]
[WhiteElo "1818"]
[BlackElo "1660"]
[Round "8.31"]
[Result "0-1"]
[TimeControl "5400+30"]

1. e4 c5 2. Nf3 d6 3. d4 cxd4 4. Nxd4 Nf6 5. Nc3 a6 6. f3 e5 7. Nb3 Be6 8. Be3 Nbd7 9. g4 b5 10. Qd2 b4 11. Na4 Rb8 12. g5 Nh5 13. Bxa6 Qc7 14. c4 Be7 15. Rg1 O-O 16. Rc1 Nf4 17. h4 Qc6 18. Bb5 Rxb5 19. cxb5 Qxb5 20. Bxf4 exf4 21. Nd4 Qxa4 22. Nc6 Bd8 23. Nxd8 Rxd8 24. Qxd6 Qa7 25. Rf1 Qe3+ 26. Kd1 Bxa2 27. Kc2 Rc8+ 0-1

[Variant "Standard"]
[Site "Europe Echecs"]

[Event "Championnat du monde jeunes U10"]
[Date "2024.11.23"]
[White "Guntaka, Aayansh"]
[Black "Kazimzade, Mahammad"]
[WhiteElo "1798"]
[BlackElo "1687"]
[Round "8.32"]
[Result "0-1"]
[TimeControl "5400+30"]

1. e4 e5 2. Nf3 Nc6 3. Bc4 Nf6 4. d4 exd4 5. e5 d5 6. Bb5 Ne4 7. Nxd4 Bd7 8. Bxc6 bxc6 9. O-O Bc5 10. f3 Ng5 11. f4 Ne4 12. Be3 Bb6 13. Nd2 Nxd2 14. Qxd2 c5 15. Nf3 d4 16. Bf2 Bc6 17. Bh4 Qd7 18. Rad1 O-O 19. f5 Qxf5 20. Nxd4 Qd7 21. Nxc6 Qxc6 22. Qd7 Qe4 23. Be7 Rfe8 24. Rxf7 Qxe5 25. Rdf1 Qd4+ 26. Qxd4 cxd4 27. Kh1 h6 28. g4 c5 29. a4 c4 30. Ba3 d3 31. cxd3 cxd3 32. Rd7 Rad8 33. Rxd8 Rxd8 34. Rd1 Rd4 35. h3 Kf7 36. b4 d2 37. Kg2 Rd3 38. Bb2 Be3 39. Be5 Bg5 40. Bg3 Ke6 41. b5 Kd5 42. Bf2 Kc4 43. h4 Bf4 44. Kf1 Kb3 45. Ke2 Kc2 46. a5 Rd5 47. Be3 Bxe3 48. b6 axb6 49. a6 b5 50. a7 Bxa7 51. Rxd2+ Rxd2+ 52. Kf3 Kd3 53. g5 hxg5 54. hxg5 g6 55. Kf4 Bd4 56. Kf3 Rf2+ 57. Kg3 Ke4 58. Kh4 Kf3 59. Kh3 Be5 60. Kh4 Rh2# 0-1

[Variant "Standard"]
[Site "Europe Echecs"]

[Event "Championnat du monde jeunes U10"]
[Date "2024.11.23"]
[White "Megagiannis, Maximos"]
[Black "Akramov, Khusan"]
[WhiteElo "1682"]
[BlackElo "1782"]
[Round "8.33"]
[Result "0-1"]
[TimeControl "5400+30"]

1. e4 c6 2. Nf3 d5 3. Nc3 dxe4 4. Nxe4 Nf6 5. Qe2 Nxe4 6. Qxe4 Nd7 7. Bc4 Nf6 8. Ne5 e6 9. Qe2 Bd6 10. d4 O-O 11. O-O b5 12. Nxc6 Qc7 13. Bxb5 a6 14. Ba4 Bd7 15. Qc4 Rfc8 16. Ne5 Bxe5 17. Qxc7 Bxc7 18. Bxd7 Nxd7 19. c3 Bd6 20. Bd2 Nf6 21. f3 Nd5 22. Kf2 Rab8 23. Rab1 a5 24. a4 Rb3 0-1

[Variant "Standard"]
[Site "Europe Echecs"]

[Event "Championnat du monde jeunes U10"]
[Date "2024.11.23"]
[White "Todmunkh, Turbat"]
[Black "Gim, Hajin"]
[WhiteElo "1773"]
[BlackElo "1603"]
[Round "8.34"]
[Result "1-0"]
[TimeControl "5400+30"]

1. e4 c5 2. Nf3 Nc6 3. Bb5 g6 4. Bxc6 bxc6 5. O-O Bg7 6. d3 Nf6 7. Nc3 O-O 8. h3 d5 9. Re1 Ba6 10. e5 Nd7 11. e6 Nf6 12. exf7+ Rxf7 13. Ng5 c4 14. Nxf7 Kxf7 15. d4 Kg8 16. Bg5 Qd6 17. Qd2 Rf8 18. Re2 Rb8 19. Rae1 Rxb2 20. Rxe7 Qb4 21. Bh6 Bh8 22. Qe3 Ne4 23. Re8+ Kf7 24. Rf8+ Qxf8 25. Bxf8 Kxf8 26. Nxe4 dxe4 27. Qf4+ Kg7 28. Rxe4 Rb1+ 29. Kh2 Rb5 30. Re7+ Kg8 31. Qf7# 1-0

[Variant "Standard"]
[Site "Europe Echecs"]

[Event "Championnat du monde jeunes U10"]
[Date "2024.11.23"]
[White "Bulat, Mansur"]
[Black "Katta, Sriansh"]
[WhiteElo "1610"]
[BlackElo "1766"]
[Round "8.35"]
[Result "1/2-1/2"]
[TimeControl "5400+30"]

1. e4 c5 2. Nf3 Nc6 3. d4 cxd4 4. Nxd4 e5 5. Nb5 d6 6. c4 Be6 7. Bd3 g6 8. N5c3 Bg7 9. O-O Nf6 10. Nd5 Rc8 11. Nbc3 a6 12. Be3 Nd4 13. Nxf6+ Bxf6 14. Nd5 Bg7 15. Qd2 O-O 16. Rac1 Bxd5 17. cxd5 Qd7 18. h3 h5 19. Rc3 Nb5 20. Bxb5 Qxb5 21. Rfc1 Rxc3 22. Rxc3 Qa4 23. Qc2 Qa5 24. b3 f5 25. f3 fxe4 26. fxe4 Qd8 27. Rc7 Qf6 28. Rc8 Qf1+ 29. Kh2 Rxc8 30. Qxc8+ Kh7 31. Qxb7 Qd3 32. Bf2 Qxe4 33. a4 h4 34. Qxa6 Qf4+ 35. Kg1 e4 36. Qc4 Be5 37. Kf1 Qf5 38. Ke2 Qh5+ 39. Ke1 Qf5 40. Qc7+ Kh6 41. Qe7 Bc3+ 42. Kf1 Qxd5 43. Qxh4+ Kg7 44. Qe7+ Kh6 45. Be3+ g5 46. Kf2 1/2-1/2

[Variant "Standard"]
[Site "Europe Echecs"]

[Event "Championnat du monde jeunes U10"]
[Date "2024.11.23"]
[White "Vedrickas, Vytis"]
[Black "Ten Dam, Bram"]
[WhiteElo "1642"]
[BlackElo "2012"]
[Round "8.36"]
[Result "0-1"]
[TimeControl "5400+30"]

1. e4 c5 2. Nf3 d6 3. d4 cxd4 4. Nxd4 Nf6 5. Nc3 g6 6. Be3 Bg7 7. f3 a6 8. Qd2 h5 9. O-O-O b5 10. Be2 Bb7 11. Nd5 Nbd7 12. Kb1 Rc8 13. Nxf6+ Bxf6 14. Bg5 Bg7 15. Qe3 Qc7 16. Bd3 Nb6 17. Rhf1 Na4 18. f4 Nxb2 19. Bxb5+ axb5 20. Kxb2 Qxc2+ 21. Ka1 Ra8 22. a3 Bxe4 23. Rd2 Rxa3+ 24. Qxa3 Qxd2 25.
Rb1 Bxd4+ 0-1

[Variant "Standard"]
[Site "Europe Echecs"]

[Event "Championnat du monde jeunes U10"]
[Date "2024.11.23"]
[White "Yao, Lucas Mason Pin Qian"]
[Black "Deepak Ambattu, Rithvik"]
[WhiteElo "1687"]
[BlackElo "2063"]
[Round "8.37"]
[Result "0-1"]
[TimeControl "5400+30"]

1. e4 c5 2. Nf3 d6 3. d4 cxd4 4. Nxd4 Nf6 5. Bd3 e5 6. Nf3 Be7 7. c4 O-O 8. O-O Nc6 9. h3 Be6 10. Nc3 Rc8 11. b3 Nd7 12. Be3 a6 13. Rc1 Nc5 14. Bb1 g6 15. g4 h5 16. gxh5 Bxh3 17. Re1 gxh5 18. Nh2 Kg7 19. Kh1 Rh8 20. Rg1+ Kf8 21. Nd5 Bd7 22. Rg2 Ke8 23. Qg1 Be6 24. Rd1 b6 25. b4 Nd7 26. f3 Nd4 27. Bxd4 exd4 28. Qxd4 Bf6 29. Nxf6+ Qxf6 30. Qxd6 Rxc4 31. f4 Bg4 32. Qxf6 Nxf6 33. Re1 Rxb4 34. Rd2 Ke7 35. f5 Re8 36. e5 Kf8 37. Nxg4 Nxg4 38. e6 Nf6 39. Rde2 fxe6 40. fxe6 Ke7 41. Rg2 Rh4+ 42. Kg1 Rg4 43. Bf5 Rxg2+ 44. Kxg2 Rc8 45. Bd3 b5 46. Bf5 Rc5 47. Bd3 Rd5 48. Bb1 Rd6 49. Kf3 Rxe6 50. Rc1 Kd6 51. Kf4 Nd5+ 52. Kg5 Re5+ 53. Kh4 a5 54. Bg6 Nf4 55. Bb1 b4 56. Rc4 Ng2+ 57. Kg3 Ne3 58. Rc1 a4 59. Kf3 Nd5 60. Rc4 Re3+ 61. Kf2 Rc3 62. Rh4 Rc1 63. Bd3 Ra1 64. Bc4 Kc5 65. Bxd5 Kxd5 66. Rxb4 Rxa2+ 67. Kg3 Kc5 68. Rh4 Kb5 69. Kf3 Rc2 70. Rxh5+ Kb4 71. Rh8 a3 72. Rb8+ Kc3 73. Rc8+ Kb2 74. Rb8+ Kc1 75. Ke3 a2 76. Ra8 Kb1 77. Rb8+ Rb2 78. Ra8 a1=Q 79. Rxa1+ Kxa1 80. Kd3 Kb1 81. Kc3 Kc1 82. Kd3 Kd1 83. Kc3 Rb7 84. Kd3 Rb3+ 85. Kd4 Kd2 86. Kc4 Rb7 87. Kd4 Rb4+ 88. Kc5 Rh4 89. Kd5 Ke3 90. Kc5 Kd3 91. Kb5 Kc3 92. Kc5 Rh5+ 93. Kd6 Ra5 94. Ke6 Kd4 95. Kf6 Ke4 96. Kg6 Rf5 97. Kg7 Kf4 98. Kg6 Kg4 99. Kg7 Kg5 100. Kh7 Rf7+ 101. Kh8 Kh6 102. Kg8 Kg6 103.
Kh8 Rf8# 0-1

[Variant "Standard"]
[Site "Europe Echecs"]

[Event "Championnat du monde jeunes U10"]
[Date "2024.11.23"]
[White "Ivanovic, Leonid"]
[Black "Makhsatuly, Rakhim"]
[WhiteElo "1990"]
[BlackElo "1683"]
[Round "8.38"]
[Result "1/2-1/2"]
[TimeControl "5400+30"]

1. d4 Nf6 2. c4 g6 3. Nc3 Bg7 4. e4 d6 5. Be2 O-O 6. Bg5 Nbd7 7. Qd2 c5 8. d5 Qa5 9. Nf3 a6 10. O-O Rb8 11. a4 Qc7 12. Bh6 Re8 13. Bxg7 Kxg7 14. Qf4 h6 15. Rad1 e6 16. dxe6 Rxe6 17. h3 Qc6 18. Bd3 Ne5 19. Nxe5 dxe5 20. Qe3 b6 21. Bc2 Bb7 22. Nd5 Ree8 23. f4 Ng8 24. f5 Rbd8 25. h4 Rd6 26. Qf3 Rf8 27. h5 g5 28. f6+ Kh8 29. Qc3 Re6 30. Rf5 Rfe8 31. Rdf1 Qd6 32. Qf3 b5 33. axb5 axb5 34. cxb5 Bxd5 35. exd5 e4 36. Qb3 Re5 37. Rxe5 Qxe5 38. d6 Qd4+ 39. Kh1 c4 40. Qc3 Qxd6 41. Qxc4 Qe6 42. Qxe6 Rxe6 43. Bb3 Rb6 44. Bxf7 Nxf6 45.
Kg1 Kg7 46. Bc4 Nxh5 47. Rf7+ Kg6 48.
Rc7 Kf6 49. Rc6+ Rxc6 50. bxc6 Ke7 51. b4 Kd6 52. b5 e3 53. Kf1 Ng3+ 54. Ke1 h5 55. Bd5 Kc7 56. Kd1 g4 57. Kc2 h4 58. Be6 h3 59. gxh3 gxh3 60. Bxh3 e2 61. Kd2 Ne4+ 62. Ke1 Nc3 63. Bg4 Nxb5 64. Kxe2 Kxc6 65. Kd3 1/2-1/2

[Variant "Standard"]
[Site "Europe Echecs"]

[Event "Championnat du monde jeunes U10"]
[Date "2024.11.23"]
[White "Barsov, Mikhail"]
[Black "Larion, Iustin"]
[WhiteElo "1668"]
[BlackElo "1925"]
[Round "8.39"]
[Result "0-1"]
[TimeControl "5400+30"]

1. c4 c5 2. g3 Nc6 3. Bg2 e6 4. Nc3 Nf6 5. Nf3 d5 6. cxd5 exd5 7. d4 cxd4 8. Nxd4 Bc5 9. Be3 Qb6 10. Nxc6 Bxe3 11. Nxd5 Bxf2+ 12. Kf1 Nxd5 13. Qxd5 Be6 14. Qe4 bxc6 15. Qxc6+ Ke7 16. Qxb6 Bxb6 17. Bxa8 Rxa8 18. b3 Bd5 19. Rg1 Bxg1 20. Kxg1 Rc8 21. Rd1 Ke6 22. Rd4 Rc2 23. Ra4 Rxe2 24. Rxa7 Rg2+ 25. Kf1 Rxh2 26. Ra6+ Ke5 27. Ra5 Rb2 28. g4 0-1

[Variant "Standard"]
[Site "Europe Echecs"]

[Event "Championnat du monde jeunes U10"]
[Date "2024.11.23"]
[White "Popov, Aleksandr And"]
[Black "Gusev, Daniil Den"]
[WhiteElo "1651"]
[BlackElo "1863"]
[Round "8.40"]
[Result "0-1"]
[TimeControl "5400+30"]

1. e4 c5 2. Nf3 e6 3. d4 cxd4 4. Nxd4 a6 5. c4 Qc7 6. Nc3 Nf6 7. Be2 b6 8. O-O Bb7 9. Qd3 d6 10. Be3 Nbd7 11. Nb3 Be7 12. f4 O-O 13. h3 Rac8 14. Rac1 Rfd8 15. Qb1 Qb8 16. Bd3 Nc5 17. Nxc5 bxc5 18. a4 Bc6 19. a5 h6 20. Qc2 Qc7 21. Ra1 Ra8 22. Na4 Qxa5 23. e5 Nd7 24. exd6 Bxd6 25. Nc3 Qb6 26. Ne4 Bxe4 27. Bxe4 Rab8 28. b4 Nf6 29. Bd3 Qc7 30. f5 Bh2+ 31. Kh1 Nh5 32. Rf3 Be5 33. fxe6 Bxa1 34. Rxf7 Qd6 35. Bh7+ Kh8 36. Qg6 Qd1+ 37. Kh2 Be5+ 38. g3 Bxg3+ 39.
Kg2 Qe2+ 40. Bf2 Bxf2 41. e7 Be3+ 42.
Kh1 Rd1+ 43. Rf1 Rxf1+ 44. Qg1 Ng3# 0-1

[Variant "Standard"]
[Site "Europe Echecs"]

[Event "Championnat du monde jeunes U10"]
[Date "2024.11.23"]
[White "Garcia Tanjala, Marko"]
[Black "Ismailov, Omarbek"]
[WhiteElo "1833"]
[BlackElo "1625"]
[Round "8.41"]
[Result "1-0"]
[TimeControl "5400+30"]

1. e4 c5 2. Nf3 Nc6 3. d4 cxd4 4. Nxd4 Nf6 5. Nc3 e6 6. Ndb5 Bb4 7. a3 Bxc3+ 8. Nxc3 h6 9. Qd6 Qe7 10. Bf4 e5 11. Qxe7+ Kxe7 12. Be3 d6 13. O-O-O Be6 14. Be2 a6 15. Bb6 Nd7 16. Be3 b5 17. Rd2 Rhd8 18. Rhd1 Nf6 19. h3 Rd7 20. Nd5+ Bxd5 21. exd5 Na5 22. b3 Rc8 23. Kb2 Rb7 24. f3 Kf8 25. Kb1 Rc3 26. Bf2 Re7 27. Kb2 Rc8 28. Bb6 Nb7 29. c4 bxc4 30. Bxc4 Ra8 31. b4 Nd7 32. Bf2 a5 33. Bb5 f5 34. Bc6 Nf6 35. Kb3 e4 36. Bd4 exf3 37. gxf3 Nh5 38. Rd3 a4+ 39. Kc4 Rc8 40. Re3 Nd8 41. b5 Nxc6 42. dxc6 d5+ 43. Kc5 Nf4 44. Rxe7 Kxe7 45. b6 Ne6+ 46. Kb5 Kd6 47. b7 Rg8 48. Ba7 Nc7+ 49. Kb6 Na8+ 50. bxa8=Q Rxa8 51. Kb7 1-0

[Variant "Standard"]
[Site "Europe Echecs"]

[Event "Championnat du monde jeunes U10"]
[Date "2024.11.23"]
[White "Zhang, Oscar Y"]
[Black "Thorulsley, Kairaav"]
[WhiteElo "1817"]
[BlackElo "1520"]
[Round "8.42"]
[Result "1-0"]
[TimeControl "5400+30"]

1. e4 c5 2. Nf3 d6 3. d4 cxd4 4. Nxd4 Nf6 5. Nc3 a6 6. Bg5 e6 7. f4 Be7 8. Qf3 Nbd7 9. O-O-O h6 10. Bh4 g5 11. fxg5 Ne5 12. gxf6 Nxf3 13. fxe7 Qc7 14. gxf3 d5 15. Kb1 Qd6 16. Bh3 Bd7 17. Bf6 e5 18. Bxd7+ Kxd7 19. Bxh8 exd4 20. Bxd4 Kxe7 21. Nxd5+ Ke6 22. Bb6 Qc6 23. Nc7+ Ke7 24. Nxa8 Kf8 25. Bd4 Ke7 26. Nb6 Ke8 27. Rhg1 Ke7 28. Nd5+ Ke6 29. Rg8 Qa4 30. Re8+ Kd6 31. Be5+ Kc6 32. Rc8+ Kb5 33. c4+ Ka5 34. Bc3+ Qb4 35. Bxb4+ Ka4 36. Bc3 1-0

[Variant "Standard"]
[Site "Europe Echecs"]

[Event "Championnat du monde jeunes U10"]
[Date "2024.11.23"]
[White "Gomez Silva, Maximiliano"]
[Black "Mariani, Kim Paul"]
[WhiteElo "1643"]
[BlackElo "1814"]
[Round "8.43"]
[Result "1-0"]
[TimeControl "5400+30"]

1. d4 d5 2. Nf3 Nc6 3. g3 Bg4 4. Bg2 Qd7 5. c4 e6 6. b3 O-O-O 7. e3 Bb4+ 8. Bd2 Bxd2+ 9. Nbxd2 Nb4 10. O-O Bf5 11. Ne5 Qe7 12. a3 Nd3 13. Nxd3 Bxd3 14. Re1 f5 15. c5 Nf6 16. Nf3 Bb5 17. a4 Bd7 18. b4 Rdg8 19. b5 c6 20. Qb3 g5 21. Reb1 f4 22. Ne5 Qe8 23. bxc6 Bxc6 24. a5 fxg3 25. fxg3 h5 26. a6 Rh7 27. Bf1 Kb8 28. Qa3 Rgg7 29. axb7 Rxb7 30. Qxa7+ Kc8 31. Ba6 h4 32. Bxb7+ Bxb7 33. c6 1-0

[Variant "Standard"]
[Site "Europe Echecs"]

[Event "Championnat du monde jeunes U10"]
[Date "2024.11.23"]
[White "Yrysov, Timur"]
[Black "Blekh, Erik"]
[WhiteElo "1604"]
[BlackElo "1790"]
[Round "8.44"]
[Result "0-1"]
[TimeControl "5400+30"]

1. e4 c5 2. Nf3 d6 3. d4 cxd4 4. Nxd4 Nf6 5. Nc3 g6 6. Bd3 Bg7 7. O-O O-O 8. Qe2 Nc6 9. Nxc6 bxc6 10. h3 Rb8 11. Bc4 a5 12. Bb3 Qc7 13. Bf4 Nd7 14. Rad1 Nc5 15. Rfe1 Qa7 16. Be3 Qa8 17. Bxc5 dxc5 18. e5 Ba6 19. Qe4 Rb4 20. Qf3 c4 21. Ba4 Rxb2 22. Bxc6 Bb7 23. Bxb7 Rxb7 24. Rd4 Qa6 25. Qg4 Rb2 26. Rxc4 Rxc2 27. Qe4 Rd2 28. Nd5 Rxa2 29. Nxe7+ Kh8 30. Rc6 Qa7 31. Qc4 Qxf2+ 32. Kh2 Qxg2# 0-1

[Variant "Standard"]
[Site "Europe Echecs"]

[Event "Championnat du monde jeunes U10"]
[Date "2024.11.23"]
[White "Chen, Pin-Jui"]
[Black "Larionov, Serghei"]
[WhiteElo "1505"]
[BlackElo "1720"]
[Round "8.45"]
[Result "1/2-1/2"]
[TimeControl "5400+30"]

1. e4 e5 2. Nf3 Nc6 3. Bb5 a6 4. Ba4 Bc5 5. O-O Nge7 6. Nxe5 Nxe5 7. d4 b5 8. Bb3 Bb6 9. dxe5 Nc6 10. Nc3 O-O 11. Kh1 Nxe5 12. f4 Nc6 13. Qh5 Nd4 14. f5 Nxb3 15. axb3 b4 16. Nd5 f6 17. Rf3 Bb7 18. Rh3 Bxd5 19. Qxh7+ Kf7 20. Qg6+ Kg8 21. exd5 Qe8 22. Qh7+ Kf7 23. Bh6 Rg8 24. Qg6+ Kf8 25. Qxf6+ Qf7 26. Qxf7+ Kxf7 27. Bg5 Rge8 28. Rd3 Re5 29. g4 Rae8 30. Rad1 Re1+ 31. Rxe1 Rxe1+ 32. Kg2 Re2+ 33. Kg3 Rxc2 34.
Rd2 Rxd2 35. Bxd2 a5 36. Kf4 Bd4 37. Bc1 d6 38. h4 Bf2 39. h5 Bd4 40. g5 Be5+ 41. Kg4 Bd4 42. h6 gxh6 43. gxh6 Bf6 44. Kh5 Be5 45. Kg4 Kf6 46. Bg5+ Kf7 47. Bd8 Bxb2 48. Bxc7 a4 49. bxa4 Be5 50. a5 b3 51. Bxd6 Bxd6 52. h7 Be5 53. h8=Q Bxh8 54. a6 b2 55. a7 b1=Q 56. a8=Q Qe4+ 57. Kg3 Qe3+ 58. Kg4 Qe2+ 59. Kh3 Qf3+ 60. Kh2 Qf2+ 61. Kh3 Qf3+ 62. Kh2 Be5+ 63. Kg1 Qd1+ 64. Kf2 Bd4+ 65. Kg3 Qd3+ 66. Kg2 Qe2+ 67. Kh3 Qf1+ 68. Kg4 Qe2+ 69. Kh3 Qf1+ 70. Kg4 Qe2+ 71. Kh3 Qh5+ 72. Kg3 Be5+ 73. Kf2 Qxf5+ 74. Ke2 Qe4+ 75.
Kd2 Qd4+ 76. Kc2 Qc3+ 77. Kd1 Qd3+ 78.
Kc1 Bf4+ 79. Kb2 Qd2+ 80. Kb3 Qd3+ 81. Kb2 Be5+ 82. Kc1 Qc4+ 83. Kd1 Qb3+ 84. Ke2 Qc4+ 85. Kd1 Qd3+ 86. Kc1 Qc3+ 87. Kd1 Qd3+ 88. Kc1 Qc3+ 89. Kd1 Bd6 1/2-1/2

[Variant "Standard"]
[Site "Europe Echecs"]

[Event "Championnat du monde jeunes U10"]
[Date "2024.11.23"]
[White "Burba, Mikita"]
[Black "Chkhartishvili, Lazare"]
[WhiteElo "1528"]
[BlackElo "1836"]
[Round "8.46"]
[Result "1/2-1/2"]
[TimeControl "5400+30"]

1. e4 c5 2. Nf3 Nc6 3. d4 cxd4 4. Nxd4 Nf6 5. Nc3 e5 6. Ndb5 d6 7. Bg5 a6 8. Na3 b5 9. Bxf6 gxf6 10. Nd5 Bg7 11. c3 f5 12. exf5 Bxf5 13. Nc2 Rb8 14. Nce3 Be6 15. g4 Ne7 16. Nxe7 Qxe7 17. Bg2 Qd7 18. O-O Bh6 19. h3 Bg5 20. Nd5 O-O 21. Kh1 Kh8 22. Ne3 Rg8 23. Qf3 a5 24. Rg1 b4 25. cxb4 Rxb4 26. b3 Rf4 27. Qe2 Bh4 28. f3 d5 29. Rad1 Qb7 30. Nxd5 Bxd5 31. Qxe5+ Rf6 32. Rxd5 Qc6 33. f4 Qe6 34. Rxa5 Qxe5 35. fxe5 Rf2 36. a4 Bg3 37. Rb1 Re8 38. Rc5 Rd8 39. b4 Rdd2 40. Rg1 Ra2 41. a5 Rfb2 42. Rb5 Kg7 43. Rb7 Bxe5 44. Rb5 Bd4 45. Rd1 Be3 46. Re1 Bd4 47. Rg5+ Kf8 48. Rd1 Ba7 49. b5 Rxg2 50. b6 Rh2+ 51. Kg1 Rhg2+ 1/2-1/2

[Variant "Standard"]
[Site "Europe Echecs"]

[Event "Championnat du monde jeunes U10"]
[Date "2024.11.23"]
[White "Kalinichenko, German Yu"]
[Black "Kovacs, Balazs"]
[WhiteElo "1621"]
[BlackElo "1800"]
[Round "8.47"]
[Result "0-1"]
[TimeControl "5400+30"]

1. e4 c5 2. Nf3 Nc6 3. d4 cxd4 4. Nxd4 Qb6 5. Nb3 Nf6 6. Nc3 e6 7. Be3 Qc7 8. Qe2 a6 9. O-O-O Be7 10. Kb1 b5 11. g4 d6 12. h4 Nd7 13. f4 Nb6 14. Bg2 Rb8 15. f5 b4 16. fxe6 fxe6 17. Nd5 exd5 18. exd5 Ne5 19. Bxb6 Qxb6 20. Nd4 Bxg4 21. Bf3 Nxf3 22. Nxf3 O-O 23. Rdf1 Bxf3 24. Rxf3 Rxf3 25. Qxf3 Rf8 26. Qg4 Bf6 27. Rd1 a5 28. h5 Qe3 29. h6 Qe5 30. c3 bxc3 31. hxg7 c2+ 32. Kxc2 Qxb2+ 33. Kd3 Qc3+ 34. Ke2 Qe5+ 35. Kf1 Bxg7+ 36. Kg2 Rf5 37.
Qc4 Qb2+ 38. Kh1 Rh5+ 39. Kg1 Qh2+ 40.
Kf1 Rf5+ 0-1

[Variant "Standard"]
[Site "Europe Echecs"]

[Event "Championnat du monde jeunes U10"]
[Date "2024.11.23"]
[White "Golya, David"]
[Black "Neuschild, Marius"]
[WhiteElo "1672"]
[BlackElo "1786"]
[Round "8.48"]
[Result "0-1"]
[TimeControl "5400+30"]

1. e4 e5 2. Nf3 Nc6 3. Bc4 Bc5 4. O-O Nf6 5. d3 d6 6. h3 a6 7. c3 Ba7 8. Bb3 h6 9. Nbd2 g5 10. Nc4 g4 11. hxg4 Bxg4 12. Be3 Qe7 13. Bxa7 Nxa7 14. Ne3 O-O-O 15. Nxg4 Nxg4 16. g3 Rdg8 17. Qe2 h5 18. Nh4 Nc6 19. Rad1 Rh7 20. Qf3 Nh6 21. Nf5 Qf6 22. Qxh5 Qh8 23. Nxh6 Rxh6 24. Qf5+ Kb8 25. Kg2 Ne7 26. Qd7 Rh2+ 27. Kf3 Qh5+ 28. g4 Qh3+ 29. Ke2 Ng6 30. Kd2 Nf4 31. Bc2 Qf3 32. g5 Rxf2+ 33. Rxf2 Qxf2+ 34. Kc1 Rh8 35. Kb1 Rh2 36. Qa4 Ng2 37. Qb3 Ne3 38. Rc1 Rg2 39. d4 Rxg5 40. Bd3 Ka7 41. Bc4 f6 42. Be6 Kb8 43. Bd7 Rg2 44. Bc6 b6 45. a3 Nc4 46. Bd5 Nd2+ 0-1

[Variant "Standard"]
[Site "Europe Echecs"]

[Event "Championnat du monde jeunes U10"]
[Date "2024.11.23"]
[White "Grimm, Jakob"]
[Black "Zhou, Martin"]
[WhiteElo "1646"]
[BlackElo "1776"]
[Round "8.1"]
[Result "1/2-1/2"]
[TimeControl "5400+30"]

1. e4 c5 2. Nf3 e6 3. d4 cxd4 4. Nxd4 a6 5. Nc3 Qc7 6. g3 Nf6 7. Bg2 Be7 8. O-O O-O 9. Re1 d6 10. Bg5 Nbd7 11. Qd2 h6 12. Be3 Ne5 13. Qe2 Rb8 14. Nf3 Nc4 15. b3 Nxe3 16. Qxe3 b5 17. Rac1 Bb7 18. Nd2 Ng4 19. Qf3 Bg5 20. Rcd1 Ne5 21. Qe2 Qxc3 22. f4 Qxc2 23. fxg5 hxg5 24. Qh5 g4 25. h3 gxh3 26. Bxh3 Qxa2 27. Kg2 Qc2 28.
Qh4 d5 29. Rh1 dxe4 30. Qh7+ Kxh7 31.
Bf5+ Kg8 32. Bh7+ Kh8 33. Bg6+ Kg8 34.
Bh7+ 1/2-1/2

[Variant "Standard"]
[Site "Europe Echecs"]